 Dungeon Sprint DCSS version 0.31.0-9-g3a7656b989 (webtiles) character file.

Game seed: 9503962078103795178

5 Heoruswealwe the Trooper (level 1, 0/20 HPs)
             Began as a Minotaur Fighter on Feb 4, 2024.
             Slain by a gnoll sergeant
             ... wielding a +1 trident of flaming
              (1 damage)
             ... in the Dungeon (Sprint IX: "|||||||||||||||||||||||||||||").
             The game lasted 00:00:10 (26 turns).

Heoruswealwe the Trooper (Minotaur Fighter)           Turns: 26, Time: 00:00:10

Health: 0/20       AC:  7    Str: 20    XL:     1   Next: 66%
Magic:  0/0        EV:  9    Int:  5    God:
Gold:   0          SH:  4    Dex:  9    Spells: 0/0 levels left

rFire   . . .        a - +0 trident
rCold   . . .        d - +0 buckler
rNeg    . . .        c - +0 scale mail
rPois   .            (helmet restricted)
rElec   .            (no cloak)
rCorr   .            (no gloves)
SInv    .            (no boots)
Will    .....        (no amulet) Stlth
                     (no ring)
HPRegen 0.23/turn    (no ring)
MPRegen 0.07/turn

%: no teleportation
@: no status effects
A: horns 2, retaliatory headbutt
a: no special abilities


You were in the Dungeon.
You visited 1 branch

Inventory:

Hand Weapons
 a - a +0 trident (weapon)
Armour
 c - a +0 scale mail (worn)
 d - a +0 buckler (worn)
Scrolls
 j - a scroll of blinking
Potions
 b - a potion of might
 e - a potion of curing
 f - a potion of heal wounds
 g - a potion of haste
 h - 2 potions of magic
 i - a potion of berserk rage


   Skills:
 + Level 4.2 Fighting
 * Level 3.8 Polearms
 + Level 4.2 Armour
 - Level 3.6 Shields


You couldn't memorise any spells.
You didn't know any spells.
Your spell library was empty.

Dungeon Overview and Level Annotations

Branches:
Dungeon (1/1)

Altars:


Innate Abilities, Weirdness & Mutations

You have a pair of horns on your head.
You reflexively headbutt those who attack you in melee.


Message History

You kill the ball python!
The ball python bites you but does no damage.
The ball python grabs you. The ball python constricts you.
Your Fighting skill increases to level 4!
Your Armour skill increases to level 4!
You barely miss the ball python. The ball python completely misses you.
The ball python constricts you.
You closely miss the ball python. Your headbutt misses the ball python.
The ball python barely misses you. The ball python constricts you.
The ball python bites you. The ball python constricts you.
You puncture the ball python!
You kill the ball python!
You barely miss the rat. Your headbutt misses the rat.
The rat bites you but does no damage.
You completely miss the rat. Your headbutt misses the rat.
The rat closely misses you. x2
You hit the rat but do no damage. You headbutt the rat.
You kill the rat!
There is an open door to the Dungeon here.
You see here a +0 club.
You open the door. 2 adders, an iguana, a gnoll and a gnoll sergeant come into view.
The gnoll sergeant is wielding a +1 trident of flaming.
The adder hisses angrily. x2; The iguana hisses angrily.
The gnoll sergeant barely misses you.
The gnoll sergeant hits you with a +1 trident of flaming.
The gnoll sergeant burns you.
There is an open door, spattered with blood here.
You hit the gnoll sergeant but do no damage.
The gnoll sergeant hits you with a +1 trident of flaming!
The gnoll sergeant burns you.
* * * LOW HITPOINT WARNING * * *
You hit the gnoll sergeant but do no damage.
The gnoll sergeant barely misses you.
You hit the gnoll sergeant but do no damage.
Your headbutt misses the gnoll sergeant.
The gnoll sergeant hits you with a +1 trident of flaming.
* * * LOW HITPOINT WARNING * * *
The gnoll sergeant burns you.
You die...

▓+▓
▓S▓
▓S▓
▓l▓
▓g▓
▓g▓
▓@▓
▓.▓
▓.▓
▓.▓
▓.▓
▓.▓
▓)▓
▓.▓
▓.▓


You could see a gnoll sergeant, an iguana, a gnoll and 2 adders.

Vanquished Creatures
  2 ball pythons (D)
  An endoplasm (D)
  A goblin (D)
  A rat (D)
5 creatures vanquished.

Notes
Turn   | Place    | Note
-------+----------+-------------------------------------------
     0 | D        | Heoruswealwe the Minotaur Fighter began the quest for the
                  | Orb.
     0 | D        | Reached XP level 1. HP: 19/19 MP: 0/0
    22 | D        | Noticed an iguana
    22 | D        | Noticed a gnoll sergeant
    26 | D        | HP: 1/20 [gnoll sergeant/+1 trident of flaming (3)]
    26 | D        | Slain by a gnoll sergeant

Illustrated notes

Levels and vault maps discovered:
D:        linesprint [early_d, line_temple, items_1, d_10, items_2, lair_1,
          lair_end, items_3, orc_1, orc_end, items_4, d_15, swamp_1, shoals_1,
          snake_1, spider_1, d_20, vaults_1, items_5, swamp_end, shoals_end,
          snake_end, spider_end, vaults_end, d_27, items_6, zot_1, zot_end,
          crypt_end, forest_end, elf_end, slime_end, tomb_end, abyss_end,
          pan_hell_end]

Skill      XL: |  1 |
---------------+----+-----
Polearms       | 3 |  3.8
Fighting       | 4 |  4.2
Armour         | 4 |  4.2
Shields        | |  3.6

Action                     || total
---------------------------++-------
  Melee: Trident           ||    15
         Headbutt          ||     1
 Armour: Scale mail        ||     6
  Dodge: Dodged            ||     9
  Block: Buckler           ||     1
